 Dungeon Crawl Stone Soup version 0.26-a0-652-gafc20e3620 (webtiles) character file.

Game seed: 4553721188602916073

41 P0NYSLAYSTATION the Grave Robber (level 3, 0/28 HPs)
             Began as a Hill Orc Necromancer on Oct 1, 2020.
             Slain by a worker ant (4 damage)
             ... on level 1 of the Dungeon.
             The game lasted 00:07:35 (1436 turns).

P0NYSLAYSTATION the Grave Robber (HONe)             Turns: 1436, Time: 00:07:35

Health: 0/28       AC:  3    Str: 11    XL:     3   Next: 52%
Magic:  2/5        EV: 11    Int: 15    God:
Gold:   22         SH:  0    Dex: 11    Spells: 3/5 levels left

rFire    + . .     SeeInvis .   j - +0 hand axe
rCold    + . .     Faith    .   (no shield)
rNeg     . . .     Spirit   .   l - +0 leather armour
rPois    +         Reflect  .   (no helmet)
rElec    +         Harm     .   (no cloak)
rCorr    +         Rampage  .   (no gloves)
MR       .....                  (no boots)
Stlth    +.........             (no amulet)
HPRegen  0.09/turn              (no ring)
MPRegen  0.09/turn              (no ring)

@: brilliant, lethally poisoned (0 -> -4), resistant
A: no striking features
a: no special abilities


You were on level 1 of the Dungeon.
You visited 1 branch of the dungeon, and saw 3 of its levels.

You collected 22 gold pieces.

Inventory:

Hand Weapons
 j - a +0 hand axe (weapon)
Missiles
 h - 95 stones (quivered)
 m - 4 atropa-tipped darts
Armour
 a - a +0 robe
 i - a +0 chain mail
 l - a +0 leather armour (worn)
Jewellery
 f - a +4 ring of protection {unknown}
 g - an uncursed ring of wizardry {unknown}
 o - a cursed amulet of faith
Scrolls
 c - a scroll of identify {unknown}
 d - a scroll of enchant armour {unknown}
 e - 2 scrolls of teleportation {unknown}
Potions
 b - a potion of brilliance
 p - a potion of ambrosia {unknown}


   Skills:
 * Level 1.3 Fighting
 + Level 0.5 Axes
 * Level 1.2 Armour
 + Level 1.8 Dodging
 + Level 1.6 Stealth
 + Level 1.8 Spellcasting
 + Level 4.3 Necromancy


You had 3 spell levels left.
You knew the following spells:

 Your Spells              Type           Power        Failure   Level
a - Pain                  Necr           ###.         4%          1
b - Animate Skeleton      Necr           ###...       4%          1

Your spell library contained the following spells:

 Spells                   Type           Power        Failure   Level
 Vampiric Draining        Necr           ###.......   16%         3
 Animate Dead             Necr           ###.......   45%         4
 Agony                    Necr           ###.....     80%         5


Dungeon Overview and Level Annotations

Branches:
Dungeon (3/15)

Altars:


Message History

There is a stone staircase leading up here.
You feel sick. The worker ant bites you.
You climb upwards.
You feel sick.
There is a stone staircase leading down here.
Casting: Pain (safe; 4% risk of failure)
Confirm with . or Enter, or press ? or * to list all spells.
Aiming: Pain (safe; 4% risk of failure)
Press: ? - help, Shift-Dir - straight line, f - worker ant
Aim: a worker ant (lightly wounded, chance to defeat MR: 86%)
You feel a surge of power!
The worker ant writhes in agony.
The worker ant bites you.
* * * LOW HITPOINT WARNING * * *
Casting: Pain (safe; 4% risk of failure)
Confirm with . or Enter, or press ? or * to list all spells.
Okay, then.
It was a potion of resistance.
You feel protected.
* * * LOW HITPOINT WARNING * * *
You feel sick. The worker ant bites you.
You die...

#####..⌠..######....#
....##...##...##....#
###..#...##.#..#....#
..#..#...##Z##.#.####
#.#..##.###.##.#.#
..#..##.##..##...###
..#...#+#..###.....#
...........# #...#.#
......####.# #.#@# #
...........###.#a#
..####.........#.#
.## #.#########.#
#### #.# #.# ...# #.#
#.# ##.###.# #.#
#.....# #.# #######


You could see a worker ant.

Vanquished Creatures
  An adder (D:3)
  An ooze (D:1)
  2 leopard geckos
  6 goblins
  A hobgoblin (D:1)
  2 ball pythons
  4 bats (D:1)
  2 frilled lizards
  4 kobolds
  4 rats
27 creatures vanquished.

Vanquished Creatures (collateral kills)
  A hobgoblin (D:2)
  A rat (D:1)
2 creatures vanquished.

Grand Total: 29 creatures vanquished

Notes
Turn   | Place    | Note
-------+----------+-------------------------------------------
     0 | D:1      | P0NYSLAYSTATION the Hill Orc Necromancer began the quest
                  | for the Orb.
     0 | D:1      | Reached XP level 1. HP: 14/14 MP: 3/3
    61 | D:1      | Learned a level 1 spell: Animate Skeleton
   403 | D:2      | Reached XP level 2. HP: 15/22 MP: 2/4
   635 | D:3      | Reached skill level 1 in Fighting
  1095 | D:1      | Reached XP level 3. HP: 26/28 MP: 2/5
  1239 | D:1      | Reached skill level 1 in Armour
  1436 | D:1      | Slain by a worker ant

Illustrated notes

Levels and vault maps discovered:
D:1:      evilmike_arrival_plus, layout_basic, chequers_serial_rivers_room_b,
          minmay_tetromino_s2
D:2:      layout_basic, nicolae_overflow_hidden_temple
D:3:      layout_loops_cross, grunt_temple_overflow_cloverleaf

Skill      XL: |  1  2  3 |
---------------+----------+-----
Fighting       | 1 |  1.3
Armour         | 1 |  1.2
Axes           | |  0.5
Dodging        | |  1.8
Stealth        | |  1.6
Spellcasting   | |  1.8
Necromancy     | |  4.3

Action                   || total
-------------------------++-------
Melee: Unarmed           ||     7
       Hand axe          ||    42
 Cast: Pain              ||    22
       Animate Skeleton  ||    17
  Use: Potion            ||     3
 Stab: Sleeping          ||     3
Armor: Robe              ||     9
       Leather armour    ||    17
Dodge: Dodged            ||    36

Table legend: (Time is in decaauts)
 A = Elapsed time spent in this place.
 B = Non-inter-level travel time spent in this place.
 C = Inter-level travel time spent in this place.
 D = Time resting spent in this place.
 E = Time spent auto-exploring this place.
 F = Levels seen in this place.
 G = Mean time per level.
                   A        B        C        D        E       F      G
               +--------+--------+--------+--------+--------+-----+--------+
         Total |   1449 |   1444 |      5 |    290 |    774 |   3 |  483.0 |
       Dungeon |   1449 |   1444 |      5 |    290 |    774 |   3 |  483.0 |
               +--------+--------+--------+--------+--------+-----+--------+

Top non-repeatable levels by time:
     D:1: 664 daAuts
     D:2: 399 daAuts
     D:3: 385 daAuts
